 Dungeon Crawl Stone Soup version 0.20-a0-899-g09a9bfb (webtiles) character file.

38 HAL9000 the Slasher (level 3, -9/29 HPs)
             Began as a Demonspawn Chaos Knight on Mar 18, 2017.
             Mangled by a worm (11 damage)
             ... on level 2 of the Dungeon.
             The game lasted 00:04:24 (1219 turns).

HAL9000 the Slasher (Demonspawn Chaos Knight)       Turns: 1219, Time: 00:04:25

Health: -9/29      AC:  7    Str: 11    XL:     3   Next: 25%
Magic:  3/3        EV: 11    Int: 11    God:    Xom [...*..]
Gold:   9          SH:  0    Dex: 10    Spells: 2/2 levels left

rFire    . . .     SeeInvis .   a - +0 falchion (chaos)
rCold    . . .     Gourm    .   b - +2 leather armour
rNeg     . . .     Faith    .   (no shield)
rPois    .         Spirit   .   j - +0 helmet (curse)
rElec    .         Reflect  .   (no cloak)
rCorr    .         Harm     .   g - +0 pair of gloves
MR       .....                  (no boots)
Stlth    +.........             (no amulet)
Regen    0.1/turn               (no ring)
MPRegen  0.1/turn               (no ring)

@: lethally poisoned (-9 -> -10)
A: hooves 1, clumsy 1, dopey 1, screaming 1, weak 1, rot immunity
a: Renounce Religion


You were on level 2 of the Dungeon.
You worshipped Xom.
You were a favourite toy of Xom.
You were not hungry.

You visited 1 branch of the dungeon, and saw 2 of its levels.

You collected 9 gold pieces.

Inventory:

Hand Weapons
 a - a +0 falchion of chaos (weapon)
Armour
 b - a +2 leather armour (worn)
 g - a +0 pair of gloves (worn)
 j - a cursed +0 helmet (worn)
Scrolls
 f - a scroll of random uselessness {unknown}
 i - a scroll of teleportation {unknown}
Potions
 e - 2 potions of curing {unknown}
 h - a potion of heal wounds {unknown}
 k - a potion of lignification {unknown}
Comestibles
 c - a bread ration
 l - a meat ration
 m - a chunk of flesh


   Skills:
 - Level 3.0 Fighting
 + Level 4.0 Long Blades
 - Level 1.7 Armour
 - Level 0.8 Dodging


You had 2 spell levels left.
You didn't know any spells.

Dungeon Overview and Level Annotations

Branches:
Dungeon (2/15)

Altars:


Innate Abilities, Weirdness & Mutations

You have large cloven feet.
You are immune to rotting.
You are clumsy. (Dex -2)
You are dopey. (Int -2)
You occasionally shout uncontrollably at your foes.
You are weak. (Str -2)


Message History

You feel sick. The adder closely misses you.
A kobold comes into view. It is wielding a club.
The kobold shouts!
You slash the adder!
You kill the adder!
Your Long Blades skill increases to level 4!
You hit the worm.
The worm seems to speed up.
You kick the worm, but do no damage.
The worm is lightly wounded.
The worm bites you.
* * * LOW HITPOINT WARNING * * *
Things that are here:
a jackal corpse x2
* * * LOW HITPOINT WARNING * * *
You feel sick.
You see here a jackal corpse.
There is a stone staircase leading up here.
Unknown command.
The worm bites you!
You die...

..# ..# #.# #.#
#.# #.#
#.#######
##.#####...?....
.......@†###..##
....)###w###
#...KK.....#
#..#####.#.#
#.#.# #.# # #..
#.#. .....


You could see a worm.

Vanquished Creatures
  An adder (D:2)
  2 leopard geckos (D:1)
  A giant cockroach (D:1)
  4 goblins (D:1)
  A hobgoblin (D:1)
  5 jackals
  A ball python (D:1)
  2 bats
  2 frilled lizards (D:1)
  4 kobolds (D:1)
  4 rats
27 creatures vanquished.

Notes
Turn   | Place    | Note
-------+----------+-------------------------------------------
     0 | D:1      | HAL9000 the Demonspawn Chaos Knight began the quest for the Orb.
     0 | D:1      | Reached XP level 1. HP: 18/18 MP: 1/1
   126 | D:1      | Reached skill level 3 in Long Blades
   196 | D:1      | XOM: divination: magic mapping
   217 | D:1      | XOM: smoke on damage
   218 | D:1      | Gained mutation: You are immune to rotting. [demonic ancestry]
   218 | D:1      | Reached XP level 2. HP: 9/24 MP: 2/2
   946 | D:1      | XOM: harmless Air miscast
  1005 | D:1      | XOM: give mutations
  1005 | D:1      | Gained mutation: You occasionally shout uncontrollably at your foes. [Xom's mischief]
  1005 | D:1      | Gained mutation: You are dopey. (Int -2) [Xom's mischief]
  1005 | D:1      | Gained mutation: You are clumsy. (Dex -2) [Xom's mischief]
  1005 | D:1      | Gained mutation: You are weak. (Str -2) [Xom's mischief]
  1116 | D:1      | XOM: summons 3 hostile shadow creatures
  1204 | D:2      | Gained mutation: You have large cloven feet. [demonic ancestry]
  1204 | D:2      | Reached XP level 3. HP: 21/29 MP: 3/3
  1214 | D:2      | Reached skill level 4 in Long Blades
  1219 | D:2      | Mangled by a worm

Vault maps used:
D:1:      saegor_arrival_simple_b, minmay_distorted
D:2:      nemelex_xobeh_ov_fountains_minmay, grunt_temple_overflow_diamond,
          nicolae_ru_awakened_eye, minmay_tromino_v2

Skill      XL: |  1  2  3 |
---------------+----------+-----
Long Blades    | 3 4 |  4.0
Fighting       | |  3.0
Armour         | |  1.7
Dodging        | |  0.8

Action                   || total
-------------------------++-------
Melee: Falchion          ||    78
       Kick              ||     2
  Eat: Chunk             ||     1
Armor: Leather armour    ||    44
Dodge: Dodged            ||    68
       Rpst.: Falchion   ||    18
